 Dungeon Crawl Stone Soup version 0.31-a0-246-g8cbcc1cb85 (webtiles) character file.

Game seed: 7894749193110099335

219 qw the Shooter (level 5, -8/45 HPs)
             Began as a Minotaur Hexslinger on July 12, 2023.
             Mangled by Menkaure (21 damage)
             ... on level 4 of the Dungeon.
             The game lasted 00:01:10 (2930 turns).

qw the Shooter (Minotaur Hexslinger)                Turns: 2930, Time: 00:01:11

Health: -8/45      AC:  4    Str: 13    XL:     5   Next: 64%
Magic:  5/5        EV: 12    Int: 10    God:
Gold:   191        SH:  0    Dex: 14    Spells: 5/6 levels left

rFire   . . .        Y - +1 sling
rCold   + . .        (no shield)
rNeg    . . .        b - +0 leather armour
rPois   .            (helmet restricted)
rElec   .            (no cloak)
rCorr   .            (no gloves)
SInv    .            e - +0 pair of boots
Will    .....        (no amulet)
Stlth   +            g - ring of protection from cold
HPRegen 0.27/turn    (no ring)
MPRegen 0.09/turn

%: no passive effects
@: no status effects
A: horns 2, retaliatory headbutt
a: no special abilities


You were on level 4 of the Dungeon.
You visited 1 branch of the dungeon, and saw 4 of its levels.

You collected 191 gold pieces.


Innate Abilities, Weirdness & Mutations

You have a pair of horns on your head.
You reflexively headbutt those who attack you in melee.


   Skills:
 - Level 3.0 Fighting
 - Level 6.0 Ranged Weapons
 + Level 0.0 Armour
 - Level 2.1 Dodging
 - Level 1.0 Spellcasting
 - Level 2.0 Hexes


You had 5 spell levels left.
You knew the following spells:

 Your Spells              Type           Power      Damage    Failure   Level
a - Slow                  Hex            16%        N/A       19%         1

Your spell library contained the following spells:

 Spells                   Type           Power      Damage    Failure   Level
 Inner Flame              Hex/Fire       2%         N/A       65%         3
 Portal Projectile        Hex/Tloc       4%         N/A       65%         3
 Cause Fear               Hex            2%         N/A       88%         4

Inventory:

Hand Weapons
 Y - a +1 sling (weapon)
Armour
 b - a +0 leather armour (worn)
 e - a +0 pair of boots (worn)
Jewellery
 c - a ring of fire
 g - a ring of protection from cold (left hand)
Scrolls
 i - 2 scrolls of identify
 k - a scroll of silence {unknown}
Potions
 a - a potion of might
 d - a potion of heal wounds
 f - a potion of cancellation {unknown}
 h - a potion of resistance
 j - a potion of haste
 l - a potion of degeneration {unknown}
 m - a potion of enlightenment {unknown}

Dungeon Overview and Level Annotations

Branches:
Dungeon (4/15)
 Temple: D:4-7

Altars:
Dithmenos

Annotations:
D:4 Menkaure


Message History

You kill the adder!
Your Ranged Weapons skill increases to level 6!
You see here an adder corpse.
You see here an adder corpse.
Found 9 stones.
Enter note:
Enter note:
Enter note: Menkaure, Prince of Dust comes into view.
Enter note:
Enter note:
Enter note: You shoot a sling bullet.
The sling bullet hits Menkaure but does no damage.
You shoot a sling bullet. The sling bullet hits Menkaure.
Menkaure is lightly damaged.
Menkaure hits you.
You shoot a sling bullet. The sling bullet hits Menkaure.
Menkaure is moderately damaged.
Menkaure hits you!!
You shoot a sling bullet. The sling bullet hits Menkaure.
Menkaure is moderately damaged.
You shoot a sling bullet. The sling bullet hits Menkaure.
Menkaure is heavily damaged.
Menkaure barely misses you.
You shoot a sling bullet.
The sling bullet barely misses Menkaure.
Menkaure hits you but does no damage.
You shoot a sling bullet. The sling bullet hits Menkaure!
Menkaure is severely damaged.
Menkaure mumbles some strange words.
Menkaure seems to speed up.
You shoot a sling bullet.
The sling bullet hits Menkaure but does no damage.
Menkaure is severely damaged.
Menkaure hits you!
You shoot a sling bullet. The sling bullet hits Menkaure.
Menkaure is severely damaged.
Menkaure hits you!!
You die...

#.##....... #.
#.##..#..#. #. ###
#.##....... #. ..
.........#. #.##.#
###...##.## #....
#......## ...
#...###.. #M# ...
#.# #@# #.. #.# #.#
#.# #.# ##.## #..
#...# #.# #...# #.#
#..(# ########..
##.#######......###
##.###...#.####.#


You could see Menkaure (fast).

Vanquished Creatures
  A jelly (D:4)
  A sleepcap (D:4)
  Robin (D:2)
  6 adders
  A worm (D:4)
  5 orcs (D:3)
  4 ball pythons
  7 endoplasms
  2 giant cockroaches
  13 goblins
  13 hobgoblins
  3 jackals (D:3)
  3 quokkas
  7 bats
  2 frilled lizards
  8 kobolds
  8 rats
85 creatures vanquished.

Notes
Turn   | Place    | Note
-------+----------+-------------------------------------------
     0 | D:1      | qw the Minotaur Hexslinger began the quest for the Orb.
     0 | D:1      | Reached XP level 1. HP: 16/16 MP: 1/1
     0 | D:1      | 0 ||| qw: Version: 0.3-a-52-g30416fa
     0 | D:1      | 0 ||| qw: Game counter: 6345
     0 | D:1      | 0 ||| qw: Melee chars always use a shield: true
     0 | D:1      | 0 ||| qw: God list: Okawaru
     0 | D:1      | 0 ||| qw: Allow faded altars: false
     0 | D:1      | 0 ||| qw: Do Orc after clearing Dungeon:15 true
     0 | D:1      | 0 ||| qw: Do second Lair branch before Depths: true
     0 | D:1      | 0 ||| qw: Lair rune preference: random
     0 | D:1      | 0 ||| qw: Goals: Normal
     0 | D:1      | 0 ||| PLANNING D:1-11
   125 | D:1      | Reached skill level 3 in Ranged Weapons
   125 | D:1      | Reached XP level 2. HP: 23/23 MP: 2/2
   718 | D:1      | 718 ||| UPGRADING to ring of protection from cold.
   719 | D:1      | 719 ||| READING scroll labelled OTAOCUOTWI.
   723 | D:1      | 723 ||| READING scroll labelled XAZXUT VESETA.
   724 | D:1      | 724 ||| DROPPING scroll of poison.
   741 | D:2      | Found a faded altar of an unknown god.
   794 | D:2      | Reached XP level 3. HP: 29/29 MP: 3/3
   800 | D:2      | 800 ||| FLEEEEING.
   801 | D:2      | 801 ||| FLEEEEING.
   802 | D:2      | 802 ||| FLEEEEING.
   803 | D:2      | 803 ||| FLEEEEING.
   804 | D:2      | 804 ||| FLEEEEING.
   805 | D:2      | 805 ||| FLEEEEING.
   806 | D:2      | 806 ||| FLEEEEING.
   807 | D:2      | 807 ||| FLEEEEING.
   808 | D:2      | 808 ||| FLEEEEING.
   825 | D:2      | Noticed Robin
   829 | D:2      | Killed Robin
   830 | D:2      | Reached skill level 4 in Ranged Weapons
  1030 | D:2      | You fall into a shaft and drop 1 floor!
  1036 | D:3      | 1036 ||| UPGRADING to +0 leather armour.
  1046 | D:3      | 1046 ||| DROPPING +0 robe.
  1047 | D:3      | 1047 ||| READING scroll labelled AHAPEU YFRAERCH.
  1048 | D:3      | 1048 ||| DRINKING 2 ruby potions.
  1049 | D:3      | 1049 ||| DRINKING 2 green potions.
  1131 | D:2      | Reached XP level 4. HP: 36/36 MP: 4/4
  1608 | D:2      | 1608 ||| UPGRADING to +0 pair of boots.
  1613 | D:2      | 1613 ||| READING scroll labelled VOOCY BEETERYE.
  1915 | D:3      | Found a shadowy altar of Dithmenos.
  1966 | D:3      | Reached skill level 5 in Ranged Weapons
  2169 | D:3      | Reached skill level 3 in Fighting
  2481 | D:3      | Reached XP level 5. HP: 45/45 MP: 5/5
  2610 | D:3      | 2610 ||| DRINKING 2 murky orange potions.
  2611 | D:3      | 2611 ||| READING 2 scrolls of identify.
  2611 | D:3      | 2611 ||| IDENTIFYING clear potion
  2897 | D:4      | Reached skill level 6 in Ranged Weapons
  2921 | D:4      | Noticed Menkaure
  2930 | D:4      | Mangled by Menkaure

Levels and vault maps discovered:
D:1:      lemuel_arrival_funnel, layout_basic, chequers_serial_rivers_small_a
D:2:      layout_basic, nicolae_ecumenical_pavilion, minmay_3d_cube, uniq_robin
D:3:      layout_basic, lemuel_crystal_altar,
          nicolae_concentric_dashed_squares_mild, nicolae_half_adder
D:4:      layout_loops_cross, corexii_corridor_pit, uniq_menkaure

Skill      XL: |  1  2  3  4  5 |
---------------+----------------+-----
Ranged Weapons | 3 4 5 6 |  6.0
Fighting       | 2 3 |  3.0
Dodging        | |  2.1
Spellcasting   | |  1.0
Hexes          | |  2.0

Action                     |  1- 3 |  4- 6 || total
---------------------------+-------+-------++-------
   Fire: Sling             |   138 |   153 ||   291
    Use: Scroll            |     3 |     2 ||     5
         Potion            |     2 |     1 ||     3
 Armour: Robe              |     5 |       ||     5
         Leather armour    |     3 |    25 ||    28
  Dodge: Dodged            |    38 |    52 ||    90

Table legend:
 A = Non-vault XP
 B = Vault XP
 C = Vault XP percentage of total XP
 D = Non-vault monster count
 E = Vault monster count
 F = Vault count percentage of total count
                 A         B        C        D         E       F
            +---------+---------+-------+---------+---------+-------
      Total |     232 |      82 |  26.1 |      66 |      19 |  22.4
            +---------+---------+-------+---------+---------+-------
        D:1 |      38 |       0 |   0.0 |      24 |       0 |   0.0
        D:2 |      39 |      42 |  51.9 |      17 |      16 |  48.5
        D:3 |      50 |      40 |  44.4 |      19 |       3 |  13.6
        D:4 |     105 |       0 |   0.0 |       6 |       0 |   0.0
            +---------+---------+-------+---------+---------+-------
